TOP OF THE 1ST |
Montreal Expos batting - Pitching for Caifornia Angels : LHP Aldo Questi
|
Pitching: LHP Aldo Questi
|
|
Batting: RHB Robby Juarez
|
0-0: Ball 1-0: Fly out, F6 (Line Drive, 6, EV 68.1 MPH)
|
Batting: RHB Wen-hua Lei
|
0-0: Called Strike 0-1: Ball 1-1: Foul Ball, location: 2F 1-2: Strikes out looking
|
Batting: RHB Mike Salmon
|
0-0: Ball 1-0: SINGLE (Line Drive, 3D, EV 96.3 MPH)
|
Batting: RHB Hugo Bautista
|
0-0: Fielders Choice at 2nd, 5-4 (Groundball, 5L, EV 78.1 MPH)
|
Top of the 1st over - 0 runs, 1 hit, 0 errors, 1 left on base; Montreal 0 - Caifornia 0 |
BOTTOM OF THE 1ST |
Caifornia Angels batting - Pitching for Montreal Expos : LHP Kyle Schlosschlonghair
|
Pitching: LHP Kyle Schlosschlonghair
|
|
Batting: RHB Nick Dunn
|
0-0: Ball 1-0: Ball 2-0: Ground out U3 (Groundball, 3, EV 78.8 MPH)
|
Batting: RHB Preston Deakyne
|
0-0: Called Strike 0-1: Called Strike 0-2: Ball 1-2: SINGLE (Flyball, 7S, EV 92.5 MPH)
|
Batting: RHB Dietmar Warmisch
|
0-0: Ball 1-0: Called Strike 1-1: Swinging Strike 1-2: Foul Ball, location: 2F 1-2: Ball 2-2: Strikes out swinging
|
Batting: RHB Alain Delhaye
|
0-0: Ball 1-0: Called Strike 1-1: Fielders Choice at 2nd, 6-4 (Groundball, 6, EV 81.9 MPH)
|
Bottom of the 1st over - 0 runs, 1 hit, 0 errors, 1 left on base; Montreal 0 - Caifornia 0 |
TOP OF THE 2ND |
Montreal Expos batting - Pitching for Caifornia Angels : LHP Aldo Questi
|
Batting: LHB Steve Anderson
|
0-0: Called Strike 0-1: Ball 1-1: Swinging Strike 1-2: Strikes out swinging
|
Batting: RHB Eugênio Asceno
|
0-0: Ball 1-0: Called Strike 1-1: Called Strike 1-2: Strikes out swinging
|
Batting: SHB Hans Mikkelsen
|
0-0: Swinging Strike 0-1: Ball 1-1: Swinging Strike 1-2: Strikes out swinging
|
Top of the 2nd over - 0 runs, 0 hits, 0 errors, 0 left on base; Montreal 0 - Caifornia 0 |
BOTTOM OF THE 2ND |
Caifornia Angels batting - Pitching for Montreal Expos : LHP Kyle Schlosschlonghair
|
Batting: RHB Mike Harkins
|
0-0: Called Strike 0-1: Ground out 6-3 (Groundball, 6, EV 86.3 MPH)
|
Batting: RHB Jose Pineda
|
0-0: Called Strike 0-1: Ground out U3 (Groundball, 3, EV 85.0 MPH)
|
Batting: LHB Micah Miller
|
0-0: Ball 1-0: Ball 2-0: Swinging Strike 2-1: SINGLE (Line Drive, 4MD, EV 98.1 MPH)
|
Batting: LHB Javier Trujillo
|
0-0: Foul Ball, location: 2F 0-1: Fielders Choice at 2nd, 5-4 (Groundball, 5L, EV 80.6 MPH)
|
Bottom of the 2nd over - 0 runs, 1 hit, 0 errors, 1 left on base; Montreal 0 - Caifornia 0 |
TOP OF THE 3RD |
Montreal Expos batting - Pitching for Caifornia Angels : LHP Aldo Questi
|
Batting: RHB Jesse Basich
|
0-0: Called Strike 0-1: Swinging Strike 0-2: Ball 1-2: Fly out, F9 (Flyball, 9D, EV 91.9 MPH)
|
Batting: RHB Wing-kit Bu
|
0-0: Ball 1-0: Swinging Strike 1-1: Ground out U3 (Groundball, 34S, EV 83.8 MPH)
|
Batting: RHB Robby Juarez
|
0-0: Ball 1-0: Called Strike 1-1: Ball 2-1: Ball 3-1: Fly out, F8 (Line Drive, 8LM, EV 101.3 MPH)
|
Top of the 3rd over - 0 runs, 0 hits, 0 errors, 0 left on base; Montreal 0 - Caifornia 0 |
BOTTOM OF THE 3RD |
Caifornia Angels batting - Pitching for Montreal Expos : LHP Kyle Schlosschlonghair
|
Batting: LHB Steve Roepke
|
0-0: Foul Ball, location: 2F 0-1: Fly out, F4 (Line Drive, 4, EV 72.5 MPH)
|
Batting: RHB Nick Dunn
|
0-0: Called Strike 0-1: Foul Ball, location: 2F 0-2: Foul Ball, location: 2F 0-2: Ball 1-2: Ball 2-2: Strikes out swinging
|
Batting: RHB Preston Deakyne
|
0-0: Called Strike 0-1: Ball 1-1: Ball 2-1: Called Strike 2-2: Ball 3-2: SINGLE (Line Drive, 34D, EV 97.5 MPH)
|
Batting: RHB Dietmar Warmisch
|
0-0: Ball Preston Deakyne steals 2nd base 1-0: Ball 2-0: Ball 3-0: Base on Balls
|
Batting: RHB Alain Delhaye
|
0-0: Swinging Strike 0-1: Hit by Pitch Preston Deakyne to third Dietmar Warmisch to second
|
Batting: RHB Mike Harkins
|
0-0: Ball 1-0: Ball 2-0: Foul Ball, location: 2F 2-1: Ball Wild Pitch! Preston Deakyne scores Dietmar Warmisch to third Alain Delhaye to second 3-1: Foul Ball, location: 2F 3-2: Foul Ball, location: 2F 3-2: Strikes out swinging
|
Bottom of the 3rd over - 1 run, 1 hit, 0 errors, 2 left on base; Montreal 0 - Caifornia 1 |
TOP OF THE 4TH |
Montreal Expos batting - Pitching for Caifornia Angels : LHP Aldo Questi
|
Batting: RHB Wen-hua Lei
|
0-0: Ball 1-0: Called Strike 1-1: Called Strike 1-2: Foul Ball, location: 2F 1-2: Foul Ball, location: 2F 1-2: Ball 2-2: Foul Ball, location: 2F 2-2: Ball 3-2: Foul Ball, location: 2F 3-2: SINGLE (Groundball, 6D, EV 97.5 MPH)
|
Batting: RHB Mike Salmon
|
0-0: Foul Ball, location: 2F 0-1: Ball 1-1: Ball 2-1: Called Strike 2-2: Foul Ball, location: 2F 2-2: Strikes out looking
|
Batting: RHB Hugo Bautista
|
0-0: Ball 1-0: Foul Ball, location: 2F 1-1: Called Strike 1-2: Fly out, F9 (Flyball, 9S, EV 88.8 MPH)
|
Batting: LHB Steve Anderson
|
0-0: Called Strike 0-1: Ball 1-1: Called Strike 1-2: Foul Ball, location: 2F 1-2: Ball 2-2: Ground out 1-3 (Groundball, P, EV 70.0 MPH)
|
Top of the 4th over - 0 runs, 1 hit, 0 errors, 1 left on base; Montreal 0 - Caifornia 1 |
BOTTOM OF THE 4TH |
Caifornia Angels batting - Pitching for Montreal Expos : LHP Kyle Schlosschlonghair
|
Batting: RHB Jose Pineda
|
0-0: Foul Ball, location: 2F 0-1: Ground out 6-3 (Groundball, 6, EV 81.9 MPH)
|
Batting: LHB Micah Miller
|
0-0: Called Strike 0-1: Ball 1-1: Ground out 4-3 (Groundball, 4, EV 85.0 MPH)
|
Batting: LHB Javier Trujillo
|
0-0: Called Strike 0-1: Called Strike 0-2: Ball 1-2: Fly out, F7 (Line Drive, 7D, EV 94.4 MPH)
|
Bottom of the 4th over - 0 runs, 0 hits, 0 errors, 0 left on base; Montreal 0 - Caifornia 1 |
TOP OF THE 5TH |
Montreal Expos batting - Pitching for Caifornia Angels : LHP Aldo Questi
|
Pitching: LHP Nigel Turner
|
|
Batting: RHB Eugênio Asceno
|
0-0: Ball 1-0: Ball 2-0: Ground out 3-1 (Groundball, 34, EV 81.9 MPH)
|
Batting: SHB Hans Mikkelsen
|
0-0: SINGLE (Flyball, 56D, EV 85.0 MPH)
|
Batting: RHB Jesse Basich
|
0-0: Ball 1-0: Swinging Strike 1-1: Ball 2-1: Foul Ball, location: 2F 2-2: Hit by Pitch Hans Mikkelsen to second
|
Batting: RHB Wing-kit Bu
|
0-0: Ball 1-0: Called Strike 1-1: Swinging Strike 1-2: Ball 2-2: Strikes out swinging
|
Batting: RHB Robby Juarez
|
0-0: Called Strike 0-1: Ball 1-1: Called Strike 1-2: Ball 2-2: Foul Ball, location: 2F 2-2: Foul Ball, location: 2F 2-2: Strikes out swinging
|
Top of the 5th over - 0 runs, 1 hit, 0 errors, 2 left on base; Montreal 0 - Caifornia 1 |
BOTTOM OF THE 5TH |
Caifornia Angels batting - Pitching for Montreal Expos : LHP Kyle Schlosschlonghair
|
Pitching: RHP Joe Butler
|
|
Batting: LHB Steve Roepke
|
0-0: Called Strike 0-1: Ball 1-1: SINGLE (Line Drive, 56D, EV 100.6 MPH)
|
Batting: RHB Nick Dunn
|
0-0: Ball 1-0: Fly out, F8 (Flyball, 8LM, EV 95.0 MPH)
|
Batting: RHB Preston Deakyne
|
0-0: Called Strike 0-1: Swinging Strike 0-2: Strikes out swinging
|
Batting: RHB Dietmar Warmisch
|
0-0: Ball 1-0: Ball 2-0: Fly out, F8 (Flyball, 8RXD, EV 110.6 MPH)
|
Bottom of the 5th over - 0 runs, 1 hit, 0 errors, 1 left on base; Montreal 0 - Caifornia 1 |
TOP OF THE 6TH |
Montreal Expos batting - Pitching for Caifornia Angels : LHP Nigel Turner
|
Batting: RHB Wen-hua Lei
|
0-0: Called Strike 0-1: Fly out, F8 (Flyball, 8RD, EV 108.8 MPH)
|
Batting: RHB Mike Salmon
|
0-0: SOLO HOME RUN (Flyball, 89XD, EV 108.8 MPH), Distance : 423 ft
|
Batting: RHB Hugo Bautista
|
0-0: Called Strike 0-1: Fly out, F9 (Flyball, 9LM, EV 91.9 MPH)
|
Pinch Hitting: RHB John Ham
|
0-0: Ball 1-0: Foul Ball, location: 2F 1-1: Ball 2-1: Foul Ball, location: 2F 2-2: Foul Ball, location: 2F 2-2: Foul Ball, location: 2F 2-2: Foul Ball, location: 2F 2-2: Foul Ball, location: 2F 2-2: Ball 3-2: Strikes out swinging
|
Top of the 6th over - 1 run, 1 hit, 0 errors, 0 left on base; Montreal 1 - Caifornia 1 |
BOTTOM OF THE 6TH |
Caifornia Angels batting - Pitching for Montreal Expos : RHP Joe Butler
|
Now at 1B: Jesse Basich
|
|
Now at 3B: Danny Diaz
|
|
Batting: RHB Alain Delhaye
|
0-0: Foul Ball, location: 2F 0-1: Swinging Strike 0-2: Strikes out swinging
|
Batting: RHB Mike Harkins
|
0-0: Called Strike 0-1: Ground out 4-3 (Groundball, 4, EV 106.3 MPH)
|
Batting: RHB Jose Pineda
|
0-0: Foul Ball, location: 2F 0-1: Ground out 4-3 (Groundball, 4, EV 85.6 MPH)
|
Bottom of the 6th over - 0 runs, 0 hits, 0 errors, 0 left on base; Montreal 1 - Caifornia 1 |
TOP OF THE 7TH |
Montreal Expos batting - Pitching for Caifornia Angels : LHP Nigel Turner
|
Pitching: RHP Austin Maki
|
|
Batting: RHB Eugênio Asceno
|
0-0: Called Strike 0-1: Ball 1-1: Called Strike 1-2: Ground out 6-3 (Groundball, 56D, EV 100.6 MPH)
|
Batting: SHB Hans Mikkelsen
|
0-0: Called Strike 0-1: Ball 1-1: Ball 2-1: Called Strike 2-2: Ball 3-2: Strikes out swinging
|
Pinch Hitting: SHB Pete Barutha
|
0-0: Foul Ball, location: 2F 0-1: Ball 1-1: Ball 2-1: Fly out, F8 (Line Drive, 8RD, EV 82.5 MPH)
|
Top of the 7th over - 0 runs, 0 hits, 0 errors, 0 left on base; Montreal 1 - Caifornia 1 |
BOTTOM OF THE 7TH |
Caifornia Angels batting - Pitching for Montreal Expos : RHP Joe Butler
|
Now at 1B: Jimmy Buscemi
|
|
Batting: LHB Micah Miller
|
0-0: Called Strike 0-1: SINGLE (Line Drive, 34D, EV 106.3 MPH)
|
Batting: LHB Javier Trujillo
|
0-0: Called Strike 0-1: Ball 1-1: DOUBLE (Line Drive, 8RXD, EV 98.1 MPH) Micah Miller to third
|
Batting: LHB Steve Roepke
|
0-0: Ball 1-0: Ball 2-0: Ground out 2-3 (Groundball, 15S, EV 71.9 MPH)
|
Pinch Hitting: RHB Jasper Burd
|
0-0: Called Strike 0-1: Called Strike 0-2: Ball 1-2: Strikes out swinging
|
Batting: RHB Preston Deakyne
|
0-0: Called Strike 0-1: Ball 1-1: Called Strike 1-2: Ball 2-2: Ball 3-2: DOUBLE (Flyball, 8LXD, EV 98.1 MPH) Micah Miller scores Javier Trujillo scores
|
Batting: RHB Dietmar Warmisch
|
0-0: Foul Ball, location: 2F 0-1: Ball 1-1: Fly out, F7 (Line Drive, 7, EV 86.3 MPH)
|
Bottom of the 7th over - 2 runs, 3 hits, 0 errors, 1 left on base; Montreal 1 - Caifornia 3 |
TOP OF THE 8TH |
Montreal Expos batting - Pitching for Caifornia Angels : RHP Austin Maki
|
Now at 2B: Jasper Burd
|
|
Pinch Hitting: SHB Bran Stark
|
0-0: Ball 1-0: Swinging Strike 1-1: Ball 2-1: Ball 3-1: Base on Balls
|
Pinch Hitting: LHB Danny Hull
|
0-0: Ball 1-0: SINGLE (Groundball, 34D, EV 105.0 MPH) Bran Stark to second Runner from 2nd tries for 3rd, SAFE, throw by RF made to third Danny Hull to second
|
Pinch Hitting: RHB Nick Sharp
|
0-0: Ball 1-0: Foul Ball, location: 2F 1-1: Foul Ball, location: 2F 1-2: SINGLE (Groundball, 6S, EV 66.3 MPH) (infield hit) Bran Stark scores Danny Hull to third
|
Batting: RHB Martin Chavez
|
0-0: Called Strike 0-1: SINGLE (Line Drive, 78S, EV 98.1 MPH) Danny Hull scores Nick Sharp to second Runner from 2nd tries for 3rd, SAFE, throw by LF made to third
|
Batting: RHB Hugo Bautista
|
0-0: Called Strike 0-1: Ball 1-1: Ball 2-1: Foul Ball, location: 2F 2-2: DOUBLE (Line Drive, 9LD, EV 105.0 MPH) Nick Sharp scores Martin Chavez to third
|
Batting: RHB Danny Diaz
|
0-0: Ball 1-0: TRIPLE (Flyball, 9D, EV 106.3 MPH) Martin Chavez scores Hugo Bautista scores
|
Pitching: RHP Jared Pollard
|
|
Batting: RHB Eugênio Asceno
|
0-0: Called Strike 0-1: Reached on error, E5 (Groundball, 56S, EV 64.4 MPH) Danny Diaz scores
|
Batting: SHB Hans Mikkelsen
|
0-0: Ball 1-0: Ball 2-0: Foul Ball, location: 2F 2-1: Ball 3-1: Base on Balls
|
Batting: LHB Jimmy Buscemi
|
0-0: Sac Bunt to 56S - play at first, batter safe! Eugênio Asceno to third Hans Mikkelsen to second
|
Batting: SHB Bran Stark
|
0-0: Fly out, F9 (Flyball, 9D, EV 108.1 MPH) Runner from 3rd tags up, SCORES, no throw by RF Hans Mikkelsen to third
|
Batting: LHB Danny Hull
|
0-0: Ball 1-0: Ball 2-0: Fly out, F6 (Popup, 6MD, EV 58.8 MPH)
|
Batting: RHB Nick Sharp
|
0-0: Ball 1-0: Ball 2-0: Ball 3-0: Base on Balls Jimmy Buscemi to second
|
Batting: RHB Martin Chavez
|
0-0: Ball 1-0: Called Strike 1-1: Ground out U3 (Groundball, 13, EV 80.6 MPH)
|
Top of the 8th over - 7 runs, 6 hits, 1 error, 3 left on base; Montreal 8 - Caifornia 3 |
BOTTOM OF THE 8TH |
Caifornia Angels batting - Pitching for Montreal Expos : RHP Joe Butler
|
Now at C: Nick Sharp
|
|
Now at 2B: Eugênio Asceno
|
|
Now at SS: Danny Hull
|
|
Now in CF: Bran Stark
|
|
Batting: RHB Alain Delhaye
|
0-0: Ground out 5-3 (Groundball, 56, EV 83.1 MPH)
|
Batting: RHB Curt Earnest
|
0-0: Foul Ball, location: 2F 0-1: Ball 1-1: Ball 2-1: Ball 3-1: Foul Ball, location: 2F 3-2: SOLO HOME RUN (Flyball, 7D, EV 103.8 MPH), Distance : 412 ft
|
Pitching: RHP Justin Stone
|
|
Batting: RHB Jose Pineda
|
0-0: Ball 1-0: Called Strike 1-1: Called Strike 1-2: Fly out, F8 (Line Drive, 8RM, EV 93.8 MPH)
|
Pinch Hitting: LHB Vinny Carreno
|
0-0: Ball 1-0: Foul Ball, location: 2F 1-1: Ball 2-1: Foul Ball, location: 2F 2-2: Fly out, F4 (Line Drive, 34D, EV 92.5 MPH)
|
Bottom of the 8th over - 1 run, 1 hit, 0 errors, 0 left on base; Montreal 8 - Caifornia 4 |
TOP OF THE 9TH |
Montreal Expos batting - Pitching for Caifornia Angels : RHP Jared Pollard
|
Now in RF: Vinny Carreno
|
|
Batting: RHB Hugo Bautista
|
0-0: Ball 1-0: Ball 2-0: Ground out U3 (Groundball, 3, EV 83.1 MPH)
|
Batting: RHB Danny Diaz
|
0-0: Ball 1-0: Ball 2-0: Ball 3-0: Fly out, F8 (Flyball, 8RD, EV 96.9 MPH)
|
Batting: RHB Eugênio Asceno
|
0-0: Ball 1-0: Swinging Strike 1-1: Swinging Strike 1-2: Ball 2-2: Ball 3-2: Base on Balls
|
Batting: SHB Hans Mikkelsen
|
0-0: Fly out, F8 (Flyball, 8RS, EV 91.3 MPH)
|
Top of the 9th over - 0 runs, 0 hits, 0 errors, 1 left on base; Montreal 8 - Caifornia 4 |
BOTTOM OF THE 9TH |
Caifornia Angels batting - Pitching for Montreal Expos : RHP Justin Stone
|
Pinch Hitting: RHB Danny Odom
|
0-0: Ball 1-0: Called Strike 1-1: Called Strike 1-2: Strikes out looking
|
Batting: LHB Steve Roepke
|
0-0: Called Strike 0-1: Ball 1-1: Foul Ball, location: 2F 1-2: Strikes out swinging
|
Batting: RHB Jasper Burd
|
0-0: Called Strike 0-1: Ball 1-1: Swinging Strike 1-2: Strikes out swinging
|
Bottom of the 9th over - 0 runs, 0 hits, 0 errors, 0 left on base; Montreal 8 - Caifornia 4 |
|